 Dungeon Crawl Stone Soup version 0.17.1-1-g73c8601 (webtiles) character file.

179 Flanowski the Bolt Thrower (level 5, -2/41 HPs)
             Began as a Centaur Hunter on Dec 26, 2015.
             Slain by a slave (6 damage)
             ... led by Pikel
             ... on level 6 of the Dungeon.
             The game lasted 00:23:41 (2521 turns).

Flanowski the Bolt Thrower (Centaur Hunter)         Turns: 2521, Time: 00:23:41

Health: -2/41      AC:  5    Str: 15    XL:     5   Next: 32%
Magic:  5/5        EV:  9    Int: 10    God:
Gold:   150        SH:  0    Dex: 10    Spells: 0 memorised, 4 levels left

rFire  . . .     SeeInvis .     a - +1 hand crossbow
rCold  . . .     Clarity  .     i - +0 ring mail
rNeg   . . .     SustAt   .     (no shield)
rPois  .         Gourm    .     (no helmet)
rElec  .         Spirit   .     (no cloak)
rCorr  .         Warding  .     (no gloves)
rMut   .         Stasis   .     (no barding)
MR     .....                    (no amulet)
Stlth  ..........               (no ring)
                                (no ring)

@: very quick, not resistant to hostile enchantments, extremely unstealthy
A: hooves 3, deformed body, speed 2, tough skin 3
a: no special abilities


You were on level 6 of the Dungeon.
You were hungry.

You visited 1 branch of the dungeon, and saw 5 of its levels.
You also visited: Sewer.

You collected 150 gold pieces.

Inventory:

Hand Weapons
 a - a +1 hand crossbow (weapon)
 b - a +0 short sword
 v - a +0 blowgun
 A - a +0 short sword
Missiles
 d - 4 bolts (quivered)
 g - 54 arrows
 h - 11 bolts of frost
 B - 15 poisoned needles
Armour
 c - a +0 leather armour
 f - a +0 plate armour
 i - a +0 ring mail (worn)
Wands
 u - a wand of slowing (11)
Scrolls
 k - 6 scrolls of identify {unknown}
 o - a scroll of teleportation {unknown}
 p - 2 scrolls of enchant armour {unknown}
 q - 2 scrolls of remove curse {unknown}
 s - 2 scrolls of enchant weapon {unknown}
 w - a scroll of fear {unknown}
 y - a scroll of magic mapping {unknown}
 C - a scroll of amnesia {unknown}
Potions
 n - a potion of heal wounds {unknown}
 r - a potion of magic {unknown}
 x - a potion of curing {unknown}
 z - 2 potions of experience {unknown}
 D - a potion of mutation {unknown}
 E - a potion of cancellation {unknown}
 F - a potion of invisibility {unknown}
 G - a potion of lignification {unknown}
Comestibles
 e - 2 bread rations
 j - a beef jerky
 l - a royal jelly
 m - 3 meat rations
 t - 3 fruits


   Skills:
 + Level 2.2 Fighting
 + Level 0.3 Short Blades
 * Level 6.0 Crossbows
 + Level 1.0 Armour
 * Level 2.5 Dodging
 + Level 0.5 Stealth


You had 4 spell levels left.
You didn't know any spells.

Dungeon Overview and Level Annotations

Branches:
Dungeon (6/15)
 Temple: D:4-7

Altars:
Fedhas

Annotations:
D:6 Pikel


Innate Abilities, Weirdness & Mutations

You have hooves in place of feet.
Armour fits poorly on your strangely shaped body.
You cover ground very quickly.
You have extremely tough skin (AC +3).


Message History

Aim: a slave, wearing an animal skin (moderately wounded)
You shoot a bolt. The bolt hits the slave!
The slave is heavily wounded.
The slave hits you.
* * * LOW HITPOINT WARNING * * *
Firing (i - inventory. (,) - cycle):
d - 6 bolts (quivered)
Press: ? - help, Shift-Dir - straight line, f/p - slave
Aim: a slave, wearing an animal skin (lightly wounded)
You shoot a bolt. The bolt hits the slave!
The slave is heavily wounded.
The slave hits you.
* * * LOW HITPOINT WARNING * * *
Firing (i - inventory. (,) - cycle):
d - 5 bolts (quivered)
Press: ? - help, Shift-Dir - straight line, f/p - slave
Aim: a slave, wearing an animal skin (heavily wounded)
You shoot a bolt.
The bolt hits the slave but does no damage.
The slave is heavily wounded.
The slave hits you.
You die...

..... ...... # #..# ...... #.
# #..######..#.....
#..#.#....(...........
.#..#.#..........#.....
..........###(##.......
.....#..#.#(..###..........
#..........pp..............
##....#..#.#@..###.##...##
.....#..#.#......(..##.#
#...#..#.##..###.#.##.#####
.##............# #.#.........
K..........##..###.#.########
......p........([..#.#
..........(.(..#####.#
##############.# #.# #.# #.#


You could see 2 slaves.

Vanquished Creatures
  A slave (D:6)
  Ijyb (D:2)
  Terence (D:2)
  An orc wizard (D:3)
  A hound skeleton (D:6)
  2 adders (D:2)
  An ooze (D:3)
  A worm (D:3)
  2 giant geckos
  5 orcs (D:3)
  4 giant cockroaches (D:3)
  8 goblins
  6 hobgoblins
  3 jackals (D:1)
  2 ball pythons
  6 bats
  3 giant newts
  11 kobolds
  8 rats
67 creatures vanquished.

Notes
Turn   | Place    | Note
--------------------------------------------------------------
     0 | D:1      | Flanowski the Centaur Hunter began the quest for the Orb.
     0 | D:1      | Reached XP level 1. HP: 17/17 MP: 1/1
   188 | D:1      | Reached XP level 2. HP: 22/24 MP: 2/2
   569 | D:1      | Reached skill level 5 in Crossbows
   697 | D:2      | Reached XP level 3. HP: 13/29 MP: 3/3
  1234 | D:2      | Noticed Terence
  1249 | D:2      | Killed Terence
  1249 | D:2      | Reached XP level 4. HP: 36/36 MP: 4/4
  1318 | D:2      | Noticed Ijyb
  1362 | D:2      | Killed Ijyb
  1795 | D:3      | Found a blossoming altar of Fedhas.
  1999 | D:3      | Reached skill level 1 in Armour
  1999 | D:3      | Reached XP level 5. HP: 28/41 MP: 5/5
  2040 | D:3      | Found a glowing drain.
  2146 | Sewer    | Entered a sewer
  2374 | D:3      | Reached skill level 6 in Crossbows
  2419 | D:3      | You fall through a shaft for 3 floors!
  2451 | D:6      | Noticed a slave
  2452 | D:6      | Noticed a slave
  2452 | D:6      | Noticed a slave
  2453 | D:6      | Noticed Pikel
  2483 | D:6      | Killed a slave
  2521 | D:6      | Slain by a slave

Action                   |  1- 3 |  4- 6 || total
-------------------------+-------+-------++-------
Melee: Short sword       |    56 |   128 ||   184
 Fire: Hand crossbow     |    41 |    30 ||    71
       Blowgun           |       |     2 ||     2
  Eat: Chunk             |       |     3 ||     3
